 Dungeon Crawl Stone Soup version 0.26-a0-778-g3fe0686644 (webtiles) character file.

Game seed: 10823986027834029451

13506 somkeydreadnuts the Destroyer (level 12, -9/79 HPs)
             Began as a Tengu Conjurer on Nov 9, 2020.
             Was a Priest of Vehumet.
             Killed by an exploding fulminant prism (34 damage)
             ... created by the player character
             ... on level 1 of the Lair of Beasts.
             The game lasted 01:40:13 (17199 turns).

somkeydreadnuts the Destroyer (Tengu Conjurer)     Turns: 17199, Time: 01:40:14

Health: -9/79      AC:  4    Str:  7    XL:     12   Next: 6%
Magic:  10/32      EV: 15    Int: 24    God:    Vehumet [***...]
Gold:   400        SH:  6    Dex: 13    Spells: 18/25 levels left

rFire    . . .     SeeInvis .   A - staff of conjuration
rCold    . . .     Faith    +   i - +0 buckler
rNeg     . . .     Spirit   .   a - +0 robe
rPois    .         Reflect  .   (helmet restricted)
rElec    .         Harm     .   (no cloak)
rCorr    .         Rampage  .   d - +1 pair of gloves
MR       .....                  (boots unavailable)
Stlth    ++........             I - amulet of faith
HPRegen  0.23/turn              (no ring)
MPRegen  0.23/turn              z - ring of magical power

@: flying quickly and evasively, studying Fighting, quick
A: beak, talons 3, able to fly
a: Stop Flying, Renounce Religion


You were on level 1 of the Lair of Beasts.
You worshipped Vehumet.
Vehumet was most pleased with you.
You visited 3 branches of the dungeon, and saw 13 of its levels.
You also visited: Ossuary.

You collected 820 gold pieces.
You spent 420 gold pieces at shops.

Inventory:

Armour
 a - a +0 robe (worn)
 d - a +1 pair of gloves (worn)
 i - a +0 buckler (worn)
 L - a +0 troll leather armour
Magical Staves
 A - an uncursed staff of conjuration (weapon)
Jewellery
 o - an uncursed ring of stealth
 w - an uncursed ring of poison resistance
 z - a ring of magical power (right hand)
 E - a +4 ring of evasion
 G - an uncursed ring of resist corrosion
 H - an uncursed amulet of reflection
 I - an amulet of faith (around neck)
Wands
 h - a wand of acid (17)
 m - a wand of digging (8)
 q - a wand of polymorph (11)
 u - a wand of disintegration (12)
 v - a wand of random effects (26)
 B - a wand of paralysis (6)
 C - a wand of flame (29)
 D - a wand of enslavement (6)
Scrolls
 b - 9 scrolls of identify
 f - 2 scrolls of amnesia
 j - 8 scrolls of remove curse
 k - 13 scrolls of teleportation
 t - 3 scrolls of fog
 x - 3 scrolls of enchant armour
 K - a scroll of enchant weapon
 M - a scroll of magic mapping
Potions
 c - 2 potions of ambrosia
 e - 3 potions of lignification
 g - a potion of flight {unknown}
 l - 12 potions of curing
 n - 3 potions of might
 r - 3 potions of brilliance
 s - 3 potions of invisibility
 J - 2 potions of heal wounds
Books
 y - a manual of Fighting
Miscellaneous
 F - a tin of tremorstones (1/2)


   Skills:
 - Level 10.9 Fighting
 - Level 2.1 Dodging
 - Level 2.0 Stealth
 - Level 8.2 Shields
 - Level 7.0 Spellcasting
 - Level 11.0 Conjurations
 + Level 8.6 Hexes
   Level 0.5 Translocations
 - Level 1.2 Evocations


You had 18 spell levels left.
You knew the following spells:

 Your Spells              Type           Power        Failure   Level
a - Magic Dart            Conj           ####         1%          1
b - Searing Ray           Conj           ######       1%          2
d - Fulminant Prism       Conj/Hex       ######....   1%          4

Your spell library contained the following spells:

 Spells                   Type           Power        Failure   Level
 Frozen Ramparts          Ice            #.....       6%          3
 Shock                    Conj/Air       ####         1%          1
 Slow                     Hex            ######..     1%          2
 Conjure Flame            Conj/Fire      ######..     1%          3
 Dazzling Flash           Conj/Hex       ######       1%          3
 Mephitic Cloud           Conj/Pois/Air  #####...     1%          3
 Static Discharge         Conj/Air       ######..     1%          3
 Iskenderun's Mystic Bla  Conj/Tloc      ######..     1%          4
 Lightning Bolt           Conj/Air       ######....   5%          5
 Blink                    Tloc           N/A          9%          2
 Call Imp                 Summ           #.......     11%         2
 Swiftness                Air            #.......     11%         2
 Airstrike                Air            #.........   17%         4


Dungeon Overview and Level Annotations

Branches:
Dungeon (11/15)            Temple (1/1) D:5            Lair (1/6) D:9
    Orc (0/2) D:9         Ossuary (visited)

Altars:
Ashenzari
Dithmenos
Elyvilon
Fedhas
Gozag
Kikubaaqudgha
Makhleb
Nemelex Xobeh
Okawaru
Qazlal
Ru
Sif Muna
Trog
Uskayaw
Vehumet
Wu Jian
Xom

Shops:
D:9 =([   D:10 ?   D:11 ?

Portals:
Trove: D:10 (give 13 potions of heal wounds)


Innate Abilities, Weirdness & Mutations

You have a beak for a mouth.
You have claws for feet.
You can fly continuously.


Message History

Casting: Fulminant Prism (safe; 1% risk of failure)
Confirm with . or Enter, or press ? or * to list all spells.
Aiming: Searing Ray (safe; 1% risk of failure)
Press: ? - help, Shift-Dir - straight line, f - water moccasin
Aim: a water moccasin You feel a surge of power!
The searing ray hits the water moccasin.
The water moccasin is lightly wounded. (Press . to maintain the ray.)
The blink frog blinks!
The blink frog hits your fulminant prism.
The water moccasin closely misses you.
A water moccasin comes into view. x2
Your fulminant prism crackles loudly.
The searing ray misses the water moccasin.
The blink frog hits your fulminant prism.
The blink frog blinks!
The water moccasin bites you.
Your fulminant prism explodes!
The blast of energy engulfs you!!
You die...

..#### S..#.. #######
....#. ##...#.P##..F...
........F§.§....
(...............
...†....S..........
.##..###@#.###.#...#
....................
.......!...........
...................
................#
...........†....##
..............S..######
....................$..
.......................


You could see 2 blink frogs and 3 water moccasins.

Vanquished Creatures
  A vault guard (D:10)
  A hydra (Lair:1)
  The ghost of Rennog the Brawler, a novice TrMo of Ru (D:11)
  2 two-headed ogres (D:11)
  3 ugly things (D:11)
  Joseph (D:7)
  2 cane toads (Lair:1)
  A troll (D:11)
  3 blink frogs (Lair:1)
  A hornet (D:11)
  A vampire (D:9)
  3 yaks (Lair:1)
  Menkaure (D:7)
  2 wargs (D:9)
  A soldier ant (D:11)
  3 water moccasins (Lair:1)
  4 black bears
  3 ice beasts
  4 orc warriors
  A necrophage (D:10)
  4 sky beasts
  10 ogres
  4 centaurs
  3 big kobolds
  5 bullfrogs
  A gnoll sergeant (D:10)
  3 scorpions
  A killer bee (D:10)
  5 wights (D:6)
  3 howler monkeys
  A bullfrog zombie (D:11)
  4 jellies
  A quasit (D:7)
  4 hounds
  A centaur skeleton (D:7)
  3 bullfrog skeletons
  5 centaur zombies
  4 orc priests
  11 orc wizards
  3 iguanas (D:9)
  Natasha (twice) (D:4)
  9 worker ants
  A killer bee zombie (D:7)
  A big kobold zombie (Ossuary)
  2 hound skeletons
  A hound zombie (D:7)
  Robin (D:2)
  2 howler monkey skeletons
  8 gnolls
  13 adders
  A shadow imp (D:9)
  2 white imps
  5 ufetubi
  3 oozes
  5 adder zombies
  4 adder skeletons
  2 worms (D:3)
  4 dart slugs
  7 leopard geckos
  39 orcs
  3 ball pythons
  4 giant cockroaches
  18 goblins
  8 hobgoblins
  4 jackals (D:3)
  3 quokkas
  9 bats
  3 frilled lizards
  4 hobgoblin zombies (Ossuary)
  A jackal skeleton (D:8)
  2 jackal zombies (Ossuary)
  16 kobolds
  8 kobold zombies (Ossuary)
  9 orc zombies (Ossuary)
  2 quokka zombies
  5 rats
  2 rat zombies (Ossuary)
  6 fulminant prisms
334 creatures vanquished.

Vanquished Creatures (others)
  59 fulminant prisms
  A fungus (Lair:1)
  7 plants (Lair:1)
  2 withered plants (D:11)
69 creatures vanquished.

Grand Total: 403 creatures vanquished

Notes
Turn   | Place    | Note
-------+----------+-------------------------------------------
     0 | D:1      | somkeydreadnuts the Tengu Conjurer began the quest for the
                  | Orb.
     0 | D:1      | Reached XP level 1. HP: 10/10 MP: 4/4
   292 | D:1      | Reached XP level 2. HP: 15/15 MP: 3/6
   357 | D:1      | Reached skill level 6 in Conjurations
  1167 | D:2      | Reached XP level 3. HP: 19/19 MP: 2/7
  1219 | D:2      | Learned a level 2 spell: Searing Ray
  1312 | D:2      | Found an iron altar of Okawaru.
  1447 | D:2      | Reached skill level 7 in Conjurations
  1548 | D:2      | Reached XP level 4. HP: 10/24 MP: 4/8
  2016 | D:2      | Noticed Robin
  2020 | D:2      | Killed Robin
  2253 | D:2      | You fall into a shaft and drop 1 floor!
  2333 | D:3      | Reached skill level 8 in Conjurations
  2423 | D:2      | Gained mutation: You can fly continuously. [Tengu growth]
  2423 | D:2      | Reached XP level 5. HP: 16/28 MP: 3/9
  2952 | D:3      | Found a faded altar of an unknown god.
  3060 | D:3      | Found a white marble altar of Elyvilon.
  3063 | D:3      | Reached skill level 9 in Conjurations
  3233 | D:3      | Found an opulent altar of Gozag.
  3323 | D:3      | Found a sacrificial altar of Ru.
  3364 | D:3      | Reached XP level 6. HP: 18/32 MP: 5/10
  3784 | D:4      | Reached skill level 1 in Evocations
  3829 | D:4      | Reached skill level 10 in Conjurations
  4040 | D:4      | Reached XP level 7. HP: 36/36 MP: 6/11
  4428 | D:4      | Learned a level 4 spell: Iskenderun's Mystic Blast
  4433 | D:4      | Learned a level 4 spell: Fulminant Prism
  4463 | D:4      | Noticed Natasha
  4468 | D:4      | Killed Natasha
  4673 | D:4      | Found an ornate altar of the Wu Jian Council.
  4841 | D:4      | Found a stormy altar of Qazlal.
  4871 | D:4      | Noticed Natasha
  4880 | D:4      | Killed Natasha
  4880 | D:4      | Reached skill level 5 in Spellcasting
  4906 | D:4      | Reached XP level 8. HP: 41/41 MP: 11/17
  5108 | D:4      | Got a jewelled whip
  5109 | D:4      | Identified the +5 whip of Kooshrecw {freeze, MR++ Str+4
                  | Int-4} (You found it on level 4 of the Dungeon)
  5296 | D:5      | Entered Level 5 of the Dungeon
  5684 | D:5      | Found a sand-covered staircase.
  5699 | Ossuary  | Entered an ossuary
  6184 | D:5      | Found a staircase to the Ecumenical Temple.
  6203 | Temple   | Entered the Ecumenical Temple
  6406 | Temple   | Became a worshipper of Vehumet
  7252 | D:6      | Reached skill level 5 in Fighting
  7511 | D:6      | Reached XP level 9. HP: 30/56 MP: 20/20
  8203 | D:7      | Reached skill level 11 in Conjurations
  8219 | D:7      | Reached skill level 1 in Hexes
  8313 | D:7      | Reached * piety under Vehumet
  8313 | D:7      | Offered knowledge of Shock by Vehumet.
  8337 | D:7      | Found a burning altar of Makhleb.
  8476 | D:7      | Found a shimmering blue altar of Sif Muna.
  8625 | D:7      | Found a blossoming altar of Fedhas.
  8675 | D:7      | Found a bloodstained altar of Trog.
  8717 | D:7      | Noticed Joseph
  8732 | D:7      | Killed Joseph
  9046 | D:7      | Reached skill level 5 in Hexes
  9187 | D:7      | Noticed Menkaure
  9192 | D:7      | Killed Menkaure
  9444 | D:8      | Reached XP level 10. HP: 56/61 MP: 21/21
  9761 | D:8      | Reached ** piety under Vehumet
  9761 | D:8      | Offered knowledge of Sandblast by Vehumet.
 10689 | D:9      | Found a shimmering altar of Xom.
 10689 | D:9      | Found a shimmering altar of Xom.
 10690 | D:9      | Found a shimmering altar of Xom.
 10691 | D:9      | Found a shimmering altar of Xom.
 10692 | D:9      | Found a shimmering altar of Xom.
 10692 | D:9      | Found a shimmering altar of Xom.
 10693 | D:9      | Found a shimmering altar of Xom.
 10699 | D:9      | Found Zufil's Weapon Emporium.
 10713 | D:9      | Found a staircase to the Orcish Mines.
 10717 | D:9      | Found Odegole's Armour Emporium.
 10950 | D:9      | Found a staircase to the Lair.
 11529 | D:9      | Found Vaenenat's Jewellery Shoppe.
 11540 | D:9      | Bought an uncursed amulet of reflection for 390 gold pieces
 11699 | D:9      | Noticed a glowing orange brain
 11754 | D:10     | Entered Level 10 of the Dungeon
 11982 | D:10     | Found Udof's Magic Scroll Shoppe.
 12393 | D:10     | Offered knowledge of Ignite Poison by Vehumet.
 12400 | D:10     | Noticed a vault guard
 12403 | D:10     | Reached skill level 1 in Shields
 12412 | D:10     | Killed a vault guard
 12678 | D:10     | Found a portal to a secret trove of treasure.
 12783 | D:10     | Bought a scroll of teleportation for 30 gold pieces
 12828 | D:11     | Reached skill level 10 in Fighting
 12831 | D:11     | Reached *** piety under Vehumet
 12837 | D:11     | Noticed a cyan ugly thing
 12843 | D:11     | Killed a cyan ugly thing
 12843 | D:11     | Reached XP level 11. HP: 72/72 MP: 16/22
 13077 | D:11     | Found Lopaog Bari's Magic Scroll Emporium.
 13185 | D:11     | Found a runed translucent door.
 13190 | D:11     | Noticed Rennog's ghost (novice TrMo)
 13278 | D:11     | Killed Rennog's ghost
 13278 | D:11     | Offered knowledge of Frozen Ramparts by Vehumet.
 13278 | D:11     | Reached skill level 5 in Shields
 13600 | D:11     | Noticed a two-headed ogre
 13600 | D:11     | Noticed a cyan ugly thing
 13600 | D:11     | Noticed a two-headed ogre
 13606 | D:11     | Killed a cyan ugly thing
 13609 | D:11     | Killed a two-headed ogre
 13610 | D:11     | Noticed a white ugly thing
 13615 | D:11     | Killed a two-headed ogre
 13622 | D:11     | Killed a white ugly thing
 13906 | D:11     | HP: 1/73 [something (15)]
 15355 | D:9      | Noticed a manticore
 15356 | D:9      | Noticed a lindwurm
 15356 | D:9      | a manticore changed into a lindwurm
 16697 | Lair:1   | Entered Level 1 of the Lair of Beasts
 16802 | Lair:1   | Noticed a seven-headed hydra
 16813 | Lair:1   | Killed a seven-headed hydra
 17187 | Lair:1   | Reached XP level 12. HP: 52/79 MP: 19/23
 17199 | Lair:1   | Killed by an exploding fulminant prism

Illustrated notes

Levels and vault maps discovered:
D:1:      saegor_arrival_simple_a, layout_basic
D:2:      layout_loops_ring, okawaru_trees_1, serial_bayou_pond_e, uniq_robin
D:3:      layout_basic, nicolae_overflow_hidden_temple,
          nicolae_ru_the_path_less_chosen,
          chequers_ecumenical_altar_simple_redux, cheibrodos_sewer_entry_drain,
          elyvilon_altar_4
D:4:      layout_loops_ring, nicolae_qazlal_eye_of_the_storm,
          overflow_temple_1_default, grunt_ministairs_11,
          minmay_manual_mandibuliform, uniq_natasha
D:5:      layout_cave_pools, minmay_temple_entry_tees,
          lightli_ossuary_entry_decrepit_ruins
D:6:      layout_loops_ring
D:7:      minmay_the_grid_triangle_9x9_recursive_2
          [minmay_the_grid_triangle_9x9_prize_top_heavy,
          minmay_the_grid_triangle_9x9_pentomino_pain,
          minmay_the_grid_triangle_9x9_shrine,
          minmay_the_grid_triangle_9x9_corruption], layout_basic,
          old_standard_altar, fedhas_altar_4, kennysheep_pointless_box,
          trog_three_pillars_becter, uniq_menkaure, uniq_joseph
D:8:      layout_loops_corners
D:9:      layout_roguey, xom_shifter_show, erik_lair_orcish_takeover,
          orc_david_3, serial_shops, nicolae_shop_waterfront
D:10:     kennysheep_blocky_hall, layout_cave_pools, serial_rivers,
          chequers_serial_rivers_micro_c, chequers_serial_rivers_room_a,
          chequers_serial_rivers_room_b, chequers_serial_rivers_micro_e,
          chequers_serial_rivers_marsh, chequers_serial_rivers_room_b,
          serial_shops, shop_scrolls, enter_trove_5
D:11:     layout_rooms, gammafunk_ghost_grave, serial_shops, shop,
          kennysheep_minor_cross, nicolae_wwwww, minmay_joined_circles
Temple:   minmay_temple_curvy_branch
Lair:1:   layout_long_grid, ebering_ghost_reflecting_pool, beast_lair_carwin_1,
          serial_bayou_shore_b, serial_bayou_shore_b

Skill      XL: |  1  2  3  4  5  6  7  8  9 10 11 |
---------------+----------------------------------+-----
Conjurations   | 6 7 8 9 10 11 | 11.0
Evocations     | 1 |  1.2
Spellcasting   | 5 7 |  7.0
Fighting       | 6 10 | 10.9
Hexes          | 5 7 8 |  8.6
Shields        | 2 8 |  8.2
Dodging        | |  2.1
Stealth        | |  2.0
Translocations | |  0.5

Action                   |  1- 3 |  4- 6 |  7- 9 | 10-12 || total
-------------------------+-------+-------+-------+-------++-------
Melee: Unarmed           |     6 |    24 |    17 |       ||    47
       Kick              |       |     7 |     5 |     3 ||    15
       Peck              |       |     1 |     2 |     1 ||     4
       Whip              |       |       |     7 |       ||     7
       Staff             |       |       |       |     8 ||     8
 Cast: Magic Dart        |    52 |    85 |   171 |   125 ||   433
       Searing Ray       |       |     9 |    29 |    34 ||    72
       Iskenderun's Myst |       |       |     1 |       ||     1
       Fulminant Prism   |       |       |    16 |    50 ||    66
 Abil: Fly               |       |       |     1 |       ||     1
Evoke: Wand              |       |    18 |     6 |     4 ||    28
       Tin of tremorston |       |       |       |     1 ||     1
  Use: Scroll            |       |       |    15 |     9 ||    24
       Potion            |       |       |     7 |     3 ||    10
Armor: Robe              |     1 |     8 |     8 |    14 ||    31
Dodge: Dodged            |    12 |    36 |    79 |    79 ||   206
Block: Other             |       |       |       |     1 ||     1
       Buckler           |       |       |       |    10 ||    10

Table legend: (Time is in decaauts)
 A = Elapsed time spent in this place.
 B = Non-inter-level travel time spent in this place.
 C = Inter-level travel time spent in this place.
 D = Time resting spent in this place.
 E = Time spent auto-exploring this place.
 F = Levels seen in this place.
 G = Mean time per level.
                   A        B        C        D        E       F      G
               +--------+--------+--------+--------+--------+-----+--------+
         Total |  16619 |  16420 |    199 |      0 |  11169 |  14 | 1187.1 |
       Dungeon |  15713 |  15514 |    199 |      0 |  10554 |  11 | 1428.5 |
        Temple |    234 |    234 |      0 |      0 |    135 |   1 |  234.0 |
          Lair |    484 |    484 |      0 |      0 |    379 |   1 |  484.0 |
       Ossuary |    186 |    186 |      0 |      0 |    101 |   1 |  186.0 |
               +--------+--------+--------+--------+--------+-----+--------+

Top non-repeatable levels by time:
     D:4: 2135 daAuts
     D:2: 1678 daAuts
     D:8: 1677 daAuts
     D:7: 1594 daAuts
     D:6: 1469 daAuts
    D:10: 1391 daAuts
     D:9: 1308 daAuts
     D:3: 1260 daAuts
     D:5: 1113 daAuts
    D:11: 1093 daAuts
     D:1: 990 daAuts
  Lair:1: 484 daAuts
  Temple: 234 daAuts
 Ossuary: 186 daAuts
